[Event "Pan-American Collegiate-ch 2025"]
[Site "Charlotte"]
[Date "2025.01.04"]
[Round "4.12"]
[White "Wang, Tianqi"]
[Black "Budisavljevic, Luka"]
[Result "0-1"]
[Annotator "TA"]
[ECO "E14"]
[WhiteElo "2379"]
[BlackElo "2499"]
[PlyCount "64"]
[EventDate "2025.01.02"]
[EventType "team-tourn"]
[EventCountry "USA"]
[SourceTitle "playchess.com"]
[Source "ChessBase"]
[SourceQuality "1"]
[TimeControl "5400+30"]

1. Nf3 d5 2. d4 Nf6 3. c4 e6 4. e3 b6 5. b3 Bb7 6. Bd3 c5 7. O-O cxd4 8. exd4 Bd6 9. Bb2 O-O 10. Nbd2 Nc6 11. Qe2 Rc8 12. Rad1 Qe7 13. Ne5 a5 14. f4 g6 15. Qe3 a4 16. Bb1 Na5 17. Qh3 (17. bxa4 Nxc4 (17... dxc4 18. Ne4 $17) 18. Qb3 Nxd2 19. Rxd2 Ne4 20. Bxe4 dxe4 $15) (17. Rde1 $11) 17... Bb4 18. Ndf3 $2 (18. Bd3 $15) 18... axb3 (18... dxc4 $19 19. Ng5 c3 (19... axb3 20. Qh6 $15) (19... cxb3 20. d5 $18)) 19. axb3 (19. cxd5 $17 bxa2 (19... Bxd5 20. axb3 Bxb3 21. f5 $17) 20. Bxa2) 19... Nxb3 $2 (19... dxc4 $19 20. bxc4 Nxc4 21. Nxc4 Rxc4) 20. cxd5 (20. Ng5 $1 $16) 20... Bxd5 $11 21. Ng5 ({White should try} 21. Rf2 $15) 21... Nd2 $19 22. Qh6 Nxf1 (22... Nxb1 $19 {is more deadly.} 23. Ng4 Rfe8 24. Nxf6+ Qxf6 25. Qxh7+ Kf8) 23. Rxf1 $2 (23. Ng4 $17 {was the only defense.} Rfd8 (23... Nxg4 24. Qxh7#) 24. Rxf1) 23... Bc3 $2 (23... Rc7 $19 {...Rfc8 is the strong threat.} 24. Ng4 Rfc8 (24... Nxg4 25. Qxh7#)) 24. Ng4 $1 $11 Rfd8 (24... Bxb2 25. Nxf6+ Qxf6 26. Qxh7#) (24... Rfe8 $1 $11 {remains equal.} 25. Bxc3 Rxc3 (25... Nxg4 26. Qxh7+ Kf8 27. Qh8#)) 25. Nxf6+ $4 (25. Bxc3 $1 $16 {[%cal Oc3b4] is necessary to keep the advantage. Threatening mate with Bb4!.} Rxc3 (25... Nxg4 26. Qxh7+ Kf8 27. Qh8#) 26. f5 exf5 (26... Nxg4 27. Qxh7+ Kf8 28. Qh8#) 27. Bxf5) 25... Qxf6 $19 26. Qxh7+ Kf8 27. Ba3+ Ke8 28. Nxf7 Bxd4+ $2 (28... Qxf7 $2 29. Bxg6 Bxd4+ 30. Kh1 $18) (28... Qxd4+ $19 29. Kh1 Qd2 30. Qxg6 Qxg2+ 31. Qxg2 Bxg2+ 32. Kxg2 Kxf7) 29. Kh1 $11 e5 $2 (29... Qxf7 $2 30. Bxg6 Rc7 31. Bxf7+ Rxf7 32. Qg8+ Kd7 33. Qxf7+ $18) (29... Ra8 $11 {and Black stays safe.} 30. Bxg6 (30. Nxd8 Rxa3 $15) (30. Nd6+ Rxd6 31. Bxg6+ Kd8 $11) 30... Rxa3 31. Ng5+ Kf8) 30. Nxd8 $2 (30. Bd3 $18 e4 (30... Bxf7 $2 31. fxe5 $18) (30... Qxf7 $2 31. Bxg6 Rc7 32. fxe5 $18) 31. Bb5+ (31. Nxd8 Kxd8 32. Bb5 Rc7 $15) 31... Bc6 32. Nxd8 Bxb5 33. Qg8+ Kd7 34. Qd5+ Ke8 35. Qxb5+ Kxd8 36. Qd5+ Ke8 37. Qxe4+ (37. Rd1 Rd8 $18) 37... Kd7 38. Qd5+ (38. Rd1 Rc6 $18) 38... Kc7 39. Rc1+ Bc5 40. Bxc5) 30... Kxd8 $11 31. Re1 $2 {[%emt 0:00:31] [#]} (31. Bxg6 Rc7 32. Qh5 Ra7 $19 (32... Bc4 33. Rd1 $16)) (31. Qxg6 $2 Qxg6 32. Bxg6 Ra8 $19) (31. Bb4 $11) 31... Rc3 $2 ({Better is} 31... Rc7 $1 $19 32. Qxg6 (32. fxe5 Bxg2+ 33. Kxg2 Qf2+ 34. Kh3 Rxh7+ 35. Kg4 Qg2+ 36. Kf4 Rh4#) 32... Qxg6 (32... Qxf4 $2 33. Qd6+ Kc8 34. Qxd5 $18) 33. Bxg6 Ra7 (33... exf4 34. Re8+ Kd7 35. h4 $11)) 32. Bb2 $2 {[%emt 0:01:04][%mdl 8192] [#]} (32. Bb4 $1 $11 {and White has nothing to worry.} Rc7 33. Qxg6 (33. fxe5 {leads to mate.} Bxg2+ 34. Kxg2 Qf2+ 35. Kh3 Rxh7+ 36. Kg4 Qg2+ 37. Kf4 Rh4#) 33... Qxg6 (33... Qxf4 $2 34. Qd6+ Kc8 35. Qxd5 $18) 34. Bxg6) 32... Qc6 $2 (32... Rc7 $1 $19 33. Qxg6 Qxg6 (33... Qxf4 $2 {is the wrong capture.} 34. Bxd4 Qxd4 35. Bf5 $18) 34. Bxg6 Bxb2) 0-1

[Event "Pan-American Collegiate-ch 2025"]
[Site "Charlotte"]
[Date "2025.01.04"]
[Round "4.13"]
[White "Liang, Awonder"]
[Black "Lomasov, Semyon"]
[Result "0-1"]
[Annotator "TA"]
[ECO "C10"]
[WhiteElo "2687"]
[BlackElo "2559"]
[PlyCount "118"]
[EventDate "2025.01.02"]
[EventType "team-tourn"]
[EventCountry "USA"]
[SourceTitle "playchess.com"]
[Source "ChessBase"]
[SourceQuality "1"]
[TimeControl "5400+30"]

1. e4 e6 2. d4 d5 3. exd5 exd5 4. Nf3 Nc6 5. Nc3 Nf6 6. h3 h6 7. Bd3 Bd6 8. Nb5 O-O 9. O-O Re8 10. c3 Ne4 11. Nxd6 Qxd6 12. Be3 Bf5 (12... Qg6 {feels hotter.} 13. Nh4 Qf6 14. Qh5 Ne7) 13. Re1 Bh7 14. Qc1 Re7 15. Bf4 Qf6 16. Bh2 Rae8 17. Qc2 Nd8 (17... Bg6 $5) 18. Re3 c6 19. Rae1 Ng5 20. Bxh7+ Nxh7 21. Ne5 (21. Be5 $5 Qg6 $8 22. Qxg6 fxg6 23. Nh4 $14) 21... Qh4 22. f4 {[%emt 0:07:52] Hoping for Bg3.} (22. Qd2 Nf6 23. f3 Nh7 24. Qf2) 22... f6 23. g3 (23. Bg3 {simplifies} Qh5 24. Ng4 Rxe3 25. Rxe3 Rxe3 26. Nxe3 Qe8 27. Nf5) 23... Qxh3 24. g4 Rxe5 $1 (24... Qh4 25. Bg3 Rxe5 (25... Qh3 $2 26. Bf2 $18) 26. Bxh4 $16) 25. fxe5 (25. dxe5 $5 Qxg4+ $8 26. Kh1 $11) 25... Qxg4+ 26. Kh1 $1 fxe5 27. Bxe5 Ne6 28. Bxg7 Nhg5 $1 $17 (28... Kxg7 $2 29. Rg1 Neg5 30. Rxg4 $18 (30. Rxe8 $2 Qh5+ 31. Qh2 Qxe8 $19)) 29. Be5 {[%emt 0:24:17] Intending Qg6+ and mate.} Nf3 {[%emt 0:00:06] Really sharp!} 30. Rxf3 Qxf3+ $19 31. Qg2+ Ng5 32. Rf1 Qxg2+ 33. Kxg2 {[%emt 0:00:01][%mdl 4096] Endgame KRB-KRN. Black is a pawn up.} Rf8 34. Rc1 Ne4 35. c4 Rf2+ 36. Kh3 dxc4 (36... Rxb2 37. cxd5 Nf2+ (37... Rxa2 38. dxc6 Ng5+ 39. Kg4 $11) (37... cxd5 38. Rc7 $15) 38. Kh4 $15) 37. Rxc4 Kf7 {[%emt 0:01:09][%cal Of7e6] Black is more active.} (37... Rxb2 38. d5 Ng5+ (38... Rxa2 39. Rxe4 cxd5 40. Rh4 $11) 39. Kg3 $17) 38. Rb4 b5 $1 39. d5 Re2 $1 40. Bf4 (40. Bc7 $17) 40... a5 $1 (40... cxd5 41. Rxb5 d4 42. Kg4 $17) 41. Rb3 a4 42. Rb4 $2 (42. Re3 $17 Rxe3+ (42... Rxb2 43. dxc6 Nf6 44. Rc3 $11) 43. Bxe3) 42... Nf2+ (42... cxd5 43. Rxb5 h5 44. Rxd5 $11) 43. Kg3 Nd3 (43... cxd5 44. Rxb5 a3 45. bxa3 $11) 44. Rd4 Nxf4 (44... Nxb2 45. dxc6 (45. Bxh6 $2 c5 $19) 45... Nc4 46. c7 $18 (46. Bxh6 Rc2 $11)) 45. Rxf4+ {[%emt 0:00:03] KR-KR. Black is a pawn up.} (45. Kxf4 $142 c5 (45... Rxb2 46. dxc6 Ke6 47. Ke3 $17) 46. Rd1) 45... Ke7 46. dxc6 Rxb2 {[%emt 0:00:03][%cal Oe7d6] aiming for ...Kd6!.} 47. Rf5 Kd6 (47... Rxa2 48. Rxb5 Kd6 49. Rb6 $17) 48. Rc5 {[%emt 0:00:05] [#]} Kc7 $1 (48... Kxc5 49. c7 Kb4 (49... Rxa2 50. c8=Q+ Kb4 51. Qf8+ Kb3 52. Qf3+ Kb4 53. Qe4+ Kc3 54. Qe5+ Kb4 55. Qd4+ Ka5 56. Qc3+ Ka6 57. Kf4 $18) (49... Rb3+ $2 50. axb3 axb3 51. c8=Q+ $18) 50. c8=Q $16 (50. c8=B $2 {is the wrong capture.} Rxa2 51. Be6 Re2 $19)) 49. a3 Rb3+ 50. Kg2 h5 (50... Rxa3 51. Rxb5 Ra2+ (51... Kxc6 52. Ra5 $17) 52. Kg1 $17) 51. Kh2 h4 ({Less strong is} 51... Rxa3 52. Rxb5 Kxc6 53. Rb4 $17) 52. Kg2 Rxa3 {[%emt 0:00:55] ( -> ...h3+)} 53. Rxb5 Kxc6 54. Rb4 Rg3+ 55. Kf2 a3 56. Rxh4 Rc3 57. Ke2 Kb5 58. Rh8 a2 59. Ra8 {[%emt 0:00:07] [#]} Rh3 $1 0-1

[Event "Pan-American Collegiate-ch 2025"]
[Site "Charlotte"]
[Date "2025.01.04"]
[Round "4.14"]
[White "Tiglon, Bryce"]
[Black "Bykhovsky, Anatoly"]
[Result "1/2-1/2"]
[Annotator "TA"]
[ECO "C18"]
[WhiteElo "2530"]
[BlackElo "2496"]
[PlyCount "104"]
[EventDate "2025.01.02"]
[EventType "team-tourn"]
[EventCountry "USA"]
[SourceTitle "playchess.com"]
[Source "ChessBase"]
[SourceQuality "1"]
[TimeControl "5400+30"]

1. e4 e6 2. d4 d5 3. Nc3 Bb4 4. e5 c5 5. a3 Bxc3+ 6. bxc3 Qa5 7. Bd2 Qa4 8. Qg4 Kf8 9. Nf3 b6 10. c4 Ne7 11. cxd5 exd5 12. Qf4 Nbc6 13. dxc5 Qxf4 14. Bxf4 bxc5 15. h3 Rb8 16. Kd2 Be6 17. Be2 Ke8 18. Rhb1 Kd7 19. c3 Rb6 (19... Na5 $11 20. Bb5+ Kd8) 20. Rb5 $1 $14 Rxb5 21. Bxb5 Rb8 22. a4 Kc7 23. Be3 Na5 24. Ke1 ({White should try} 24. Kc2 $1 $14) 24... Nb7 25. Ba6 Nf5 26. Bg5 h6 27. Bc1 Kb6 28. Be2 a6 29. Rb1+ Ka7 $1 30. a5 (30. g4 $5 Ne7 $8 31. Kf1 $11) 30... Nxa5 31. Rxb8 Kxb8 32. Bxa6 Kc7 33. Bb5 Bd7 34. Bd3 Ne7 35. g4 Kb6 36. Nh4 Nac6 37. f4 d4 38. cxd4 Nxd4 39. f5 Bb5 40. Bxb5 Kxb5 41. f6 gxf6 42. exf6 Ng8 43. Ng2 Kc6 44. Nf4 Nxf6 45. Nd3 h5 46. gxh5 Kd5 47. h6 c4 48. Nf4+ Ke4 49. Nh5 Nh7 $1 (49... Nxh5 $2 {too greedy.} 50. h7 $18) 50. Bb2 Kd3 51. Bxd4 Kxd4 52. Kd2 Ke5 1/2-1/2

[Event "Pan-American Collegiate-ch 2025"]
[Site "Charlotte"]
[Date "2025.01.04"]
[Round "4.15"]
[White "Chandran, Kapil"]
[Black "Yip, Carissa"]
[Result "1/2-1/2"]
[Annotator "TA"]
[ECO "C95"]
[WhiteElo "2360"]
[BlackElo "2416"]
[PlyCount "86"]
[EventDate "2025.01.02"]
[EventType "team-tourn"]
[EventCountry "USA"]
[SourceTitle "playchess.com"]
[Source "ChessBase"]
[SourceQuality "1"]
[TimeControl "5400+30"]

1. e4 e5 2. Nf3 Nc6 3. Bb5 a6 4. Ba4 Nf6 5. O-O Be7 6. Re1 b5 7. Bb3 d6 8. c3 O-O 9. h3 Nb8 10. d4 Nbd7 11. Nbd2 Bb7 12. Bc2 Re8 13. a4 Bf8 14. Bd3 c6 15. b3 g6 16. Bb2 Bg7 17. Qc2 Rc8 18. c4 exd4 19. Bxd4 c5 20. Bb2 b4 21. Nf1 Re7 22. Rad1 Qf8 23. Ng3 Rce8 24. Qb1 h6 25. Bc2 Re6 26. Nd2 (26. Nh4 $14) 26... h5 $15 27. Nf3 Nh7 {[%emt 0:00:29] Prevents Ng5} 28. h4 Bxb2 29. Qxb2 Qe7 30. Qc1 Ne5 {[%emt 0:03:10] ...Nxf3+ is the strong threat.} 31. Ng5 $1 Nxg5 32. Qxg5 Qxg5 33. hxg5 Nc6 34. Ne2 {[%emt 0:00:00] Dodges Nd4} Rd8 35. Rd2 Kf8 36. Red1 Ke8 37. f3 Ke7 38. Nf4 (38. Kf2 $1 $14 {deserves consideration.}) 38... Re5 $11 39. Nd5+ Kf8 40. f4 Re6 41. Nc7 Re7 42. Nd5 (42. Rxd6 $2 {perishes.} Rxd6 43. Rxd6 Rxc7 $19) 42... Re6 43. Nc7 Re7 1/2-1/2

[Event "Pan-American Collegiate-ch 2025"]
[Site "Charlotte"]
[Date "2025.01.04"]
[Round "4.18"]
[White "Schitco, Ivan"]
[Black "Shen, Christopher"]
[Result "1-0"]
[Annotator "TA"]
[ECO "E94"]
[WhiteElo "2486"]
[BlackElo "2349"]
[PlyCount "85"]
[EventDate "2025.01.02"]
[EventType "team-tourn"]
[EventCountry "USA"]
[SourceTitle "playchess.com"]
[Source "ChessBase"]
[SourceQuality "1"]
[TimeControl "5400+30"]

1. c4 Nf6 2. Nf3 g6 3. Nc3 Bg7 4. e4 d6 5. d4 O-O 6. Be2 Na6 7. O-O e5 8. Re1 Ng4 9. d5 (9. Bg5 $16 f6 10. Bh4) 9... f5 $11 10. Ng5 Nh6 (10... h6 $11 {should be considered.}) 11. exf5 $14 gxf5 12. f4 (12. Ne6 Bxe6 13. dxe6 c6 $15) 12... e4 13. Be3 Qf6 14. Rb1 {[%emt 0:03:30] White has more active pieces.} Nf7 {[%emt 0:07:41] [#]} 15. Nxf7 $1 Qxf7 16. Nb5 Bf6 17. b4 (17. Bxa7 b6 $11) (17. Nxa7 $6 Bd7 $14) 17... Bd7 18. Kh1 (18. Bxa7 b6 $11) (18. Nxa7 $6 Bc3 $16) 18... Kh8 19. g4 (19. Bxa7 b6 $11) 19... fxg4 20. Bxg4 (20. Nxa7 Rg8 $14) 20... Rg8 21. Bxd7 Qxd7 22. Qh5 {[%emt 0:00:10] Dodges Qh3} (22. Bxa7 $6 b6 $14 (22... Qh3 23. Qe2 $14)) (22. Bd4 $142 Raf8 23. Bxf6+ (23. Bxa7 c6 $17) (23. Nxa7 Qh3 $14) (23. Rxe4 c6 $14) 23... Rxf6 24. Qd4 (24. Nxa7 Qh3 $15) (24. Rxe4 Qg7 $14)) 22... c5 (22... c6 $16 {was worth a try.} 23. Nd4 (23. Nxa7 cxd5 24. cxd5 Nc7 $11) 23... Nxb4) 23. a3 ({White should play} 23. bxc5 $18 Nxc5 24. Nd4 (24. Bxc5 dxc5 25. d6 Rg6 $18)) 23... b6 $16 24. Rg1 Rxg1+ 25. Rxg1 Rg8 26. Rxg8+ Kxg8 27. Bd2 (27. bxc5 $16 Nxc5 28. Nd4) 27... e3 $11 28. Be1 Kg7 {[%emt 0:01:10] [#]} (28... cxb4 $11 29. axb4 Kh8) 29. Kg2 $1 $16 cxb4 $1 30. axb4 Nc7 31. Nc3 (31. Bc3 $16 {Qg5+ would now be deadly.} Bxc3 32. Qg5+ (32. Nxc3 Ne8 $16) 32... Kh8 33. Nxc3) 31... Qf7 $2 (31... b5 $1 $11 {and Black has nothing to worry.}) 32. Qxf7+ $18 Kxf7 {[%emt 0:00:01][%mdl 4096] Endgame KBN-KBN} 33. Ne4 b5 $2 (33... Be7 {is more resistant.} 34. b5 (34. Kf3 b5 $16) 34... a6) 34. Nxd6+ Ke7 35. Ne4 Kf7 36. d6 Ne6 37. f5 (37. cxb5 Nxf4+ 38. Kf3 Be5 $18) 37... Nf4+ 38. Kf3 Nd3 39. Bg3 Nxb4 $2 (39... bxc4 $18 40. Nxf6 (40. Kxe3 Nxb4 41. Nxf6 Kxf6 $18) 40... Kxf6 41. Kxe3 Nxb4) 40. Nxf6 Kxf6 41. d7 Nc6 42. cxb5 Nd4+ 43. Ke4 1-0

[Event "Pan-American Collegiate-ch 2025"]
[Site "Charlotte"]
[Date "2025.01.04"]
[Round "4.19"]
[White "Yu, Jennifer"]
[Black "Juksta, Karolis"]
[Result "0-1"]
[Annotator "TA"]
[ECO "D35"]
[WhiteElo "2283"]
[BlackElo "2409"]
[PlyCount "50"]
[EventDate "2025.01.02"]
[EventType "team-tourn"]
[EventCountry "USA"]
[SourceTitle "playchess.com"]
[Source "ChessBase"]
[SourceQuality "1"]
[TimeControl "5400+30"]

1. d4 d5 2. c4 e6 3. Nc3 Nf6 4. cxd5 exd5 5. Bg5 Be7 6. e3 h6 7. Bh4 Bg4 8. f3 Be6 9. Bd3 c5 10. Nge2 Nc6 11. O-O O-O 12. dxc5 Bxc5 13. Bf2 a6 14. Rc1 Ba7 15. Bb1 Rc8 16. Nd4 Qd7 17. Nxc6 Rxc6 18. Qd3 (18. Re1 $11) 18... d4 $1 $17 19. Ne4 $2 {[%emt 0:09:52][%mdl 8192] [#]} (19. exd4 $17 {nothing else works.} Bc4 20. Qd2 Bxf1 21. Rxf1) 19... Nxe4 $1 $19 20. Qxe4 (20. Rxc6 {was worth a try.} Qxc6 (20... dxe3 21. Qxe4 $19) 21. exd4) 20... f5 21. Qe5 {[%emt 0:02:42] [#]} dxe3 $1 22. Bxe3 Qd6 23. Qxe6+ Qxe6 24. Bxa7 b6 25. Bc2 Kh8 0-1

[Event "Pan-American Collegiate-ch 2025"]
[Site "Charlotte"]
[Date "2025.01.04"]
[Round "4.21"]
[White "Vettese, Nicholas"]
[Black "Checa, Nicolas"]
[Result "1/2-1/2"]
[Annotator "TA"]
[ECO "B15"]
[WhiteElo "2328"]
[BlackElo "2517"]
[PlyCount "95"]
[EventDate "2025.01.02"]
[EventType "team-tourn"]
[EventCountry "USA"]
[SourceTitle "playchess.com"]
[Source "ChessBase"]
[SourceQuality "1"]
[TimeControl "5400+30"]

1. e4 c6 2. d4 d5 3. Nc3 dxe4 4. Nxe4 Nf6 5. Qd3 Nxe4 6. Qxe4 Qd5 7. Bd3 Qxe4+ 8. Bxe4 Nd7 9. Nf3 g6 10. c3 Bg7 11. O-O O-O 12. Re1 Re8 13. Bc2 b6 14. Bg5 Kf8 15. a4 a5 16. Re3 Bb7 17. Rae1 e6 18. Bh4 h6 19. Bg3 c5 20. dxc5 bxc5 21. Bd3 {[%emt 0:12:38] Black should prevent Bb5.} Bc6 22. Bb5 Rec8 23. Rd3 {[%emt 0:54:27] [#] Bxc6 would now be deadly.} Nb6 24. Rd6 Bxb5 25. axb5 Nc4 {[%emt 0:00:54][%csl LRb2,LRd6] [#]} 26. Nd2 $1 Nxb2 {[%emt 0:01:45][%cal Oa5a4] Strongly threatening ...a4!} 27. Rb1 Bxc3 28. Ne4 $1 Bg7 29. Rd7 $1 {[%emt 0:00:00] Hoping for b6.} (29. b6 $2 Rab8 30. Rd7 Rxb6 $19) 29... Ke8 30. Rb7 Nc4 31. Rc1 Rd8 32. h4 a4 $1 33. Rxc4 a3 $1 {[%emt 0:00:36] Threatens to win with ...Rd1+.} 34. Nd6+ (34. Rxc5 $2 Rd1+ (34... a2 35. Rc1 $17) 35. Kh2 a2 $19) (34. Nxc5 a2 35. Nb3 Rd3 $17 (35... a1=Q+ 36. Nxa1 Rxa1+ 37. Kh2 $16)) 34... Rxd6 35. Bxd6 {[%emt 0:00:00] aiming for Re7+.} a2 36. Rc1 {[%emt 0:00:00] Re7+ is the strong threat.} (36. Re7+ $2 Kd8 37. Rc1 a1=Q (37... a1=B $2 38. Rxf7 Ra3 39. b6 $18) 38. Rxa1 Rxa1+ 39. Kh2 Bf8 $19) 36... c4 37. b6 a1=Q 38. Rxa1 Rxa1+ $11 {[%emt 0:00:10][%mdl 4096] Endgame. KRB-KRB} 39. Kh2 Rb1 (39... Bf6 $11) 40. Re7+ $16 Kd8 41. Rxf7 Bd4 42. b7 {[%emt 0:00:00] White is more active.} c3 43. Rc7 (43. b8=B $6 c2 44. Rf8+ Kd7 $11) (43. b8=N $6 Rxb8 44. Rf8+ (44. Bxb8 c2 $16) 44... Kd7 45. Bxb8 c2 $11) (43. g3 $16 c2 44. Bf4 (44. Rc7 Rxb7 45. Rxc2 Rb2 $11)) 43... Bxf2 $11 {[%emt 0:03:31] The position is equal.} 44. Be5 {[%emt 0:03:03] And now Rc8+ would win.} (44. Rxc3 Rxb7 45. g3 Rb2 $15) 44... Ba7 45. Rc8+ (45. Rxc3 Bg1+ 46. Kh3 Rxb7) 45... Kd7 46. Rc7+ (46. b8=B $2 Bg1+ (46... Kxc8 $2 47. Bxa7 c2 48. Be3 $19) 47. Kg3 Kxc8 $19) (46. b8=Q $2 Bxb8 47. Rxb8 c2 $19) 46... Kd8 47. Rc8+ (47. Rxc3 Bg1+ 48. Kh3 Rxb7) 47... Kd7 48. Rc7+ {[%emt 0:00:57] Weighted Error Value: White=0.08 (flawless) /Black=0.05 (flawless) .  Mistake:       	White=1     	Black=1      Inaccurate:     	White=1     	---        OK:         	White=17    	Black=24     Best:        	White=3     	Black=3      Strong:       	White=2     	Black=2} (48. b8=B $2 {is the wrong capture.} Bg1+ (48... Kxc8 $2 49. Bxa7 c2 50. Bf4 $19) 49. Kh3 Kxc8 $19) (48. b8=Q Bxb8 49. Rxb8 c2 $19) 1/2-1/2

[Event "Pan-American Collegiate-ch 2025"]
[Site "Charlotte"]
[Date "2025.01.04"]
[Round "4.22"]
[White "Guo, Arthur"]
[Black "Li, Yunshan"]
[Result "1-0"]
[Annotator "TA"]
[ECO "B48"]
[WhiteElo "2519"]
[BlackElo "2249"]
[PlyCount "105"]
[EventDate "2025.01.02"]
[EventType "team-tourn"]
[EventCountry "USA"]
[SourceTitle "playchess.com"]
[Source "ChessBase"]
[SourceQuality "1"]
[TimeControl "5400+30"]

1. e4 c5 2. Nf3 e6 3. d4 cxd4 4. Nxd4 Nc6 5. Nc3 Qc7 6. Be3 a6 7. Qd2 Nf6 8. O-O-O Bb4 9. f3 Ne7 10. g4 Bxc3 11. Qxc3 Qxc3 12. bxc3 d5 13. g5 Nd7 14. Nb3 b6 15. exd5 Nxd5 16. Bd4 O-O (16... Bb7 $11) 17. c4 $36 {[%emt 0:00:05][%mdl 2048] White fights for an advantage.} Nb4 18. a3 Nc6 19. Be3 Rd8 20. Rd6 Bb7 21. Be2 Kf8 22. Rhd1 Ke7 23. f4 Rac8 24. h4 a5 25. a4 {[%emt 0:00:13] White has more active pieces.} Rc7 26. Kb2 Rdc8 27. c3 (27. c5 {looks sharper.} Ncb8 28. f5 Bd5 29. c4) 27... Ke8 $2 {[%emt 0:05:47] [#]} (27... Ba6 $16) 28. c5 $1 $18 bxc5 {[%emt 0:11:29] [#]} 29. Bb5 $1 {[%emt 0:00:02] This pair of bishops is nice.} (29. Bxc5 Nxc5 30. Nxc5 Na7 31. Nxb7 Rxb7+ 32. Kc2 Rbc7 $15) 29... Rb8 (29... Ncb8 {is a better defense.} 30. f5 (30. Nxa5 Bf3 $18) 30... Ke7) 30. Kc1 (30. Nxc5 Nxc5 31. Bxc5 Ba6 $16) 30... c4 $2 (30... Nd4) 31. Nd4 $2 ({Stronger than} 31. Bxc4 Ne7 (31... Nce5 32. Bb5 $16) 32. Nxa5 Bf3 $11) (31. Nc5 Nxc5 32. Bxc5) 31... Ne7 $2 (31... Nxd4 32. Bxd4 Bd5) 32. Nxe6 {[%emt 0:01:15] Black is weak on the dark squares} fxe6 33. Rxd7 (33. Bxd7+ Rxd7 34. Rxd7 Be4 $16) 33... Rxd7 34. Rxd7 ({Less strong is} 34. Bxd7+ Kf7 $16) 34... Bc6 {[%emt 0:00:33] [#]} 35. Rxe7+ $1 Kxe7 36. Bxc6 e5 37. fxe5 Ke6 38. Bb5 Rc8 39. Bb6 Kxe5 40. Bxa5 Kf4 41. Bd7 Ra8 42. Bc7+ Ke3 43. Kc2 Ke2 44. Bb5 Rc8 45. Bb6 {[%emt 0:00:08] Strongly threatening a5.} Kf3 46. a5 Kg3 47. h5 {[%emt 0:00:21][%cal Bh4h5,Bh5h6,Bh6g7][%mdl 32] White wants to mate with h6.} Kh4 48. h6 Kxg5 49. hxg7 Kg6 50. Bd4 Kf7 51. a6 h5 52. a7 h4 {[%emt 0:00:11] [#]} 53. Bxc4+ $1 1-0

[Event "Pan-American Collegiate-ch 2025"]
[Site "Charlotte"]
[Date "2025.01.04"]
[Round "4.23"]
[White "Mao, Fengxi"]
[Black "Lu, Maximillian"]
[Result "1-0"]
[Annotator "TA"]
[ECO "A30"]
[WhiteElo "2121"]
[BlackElo "2404"]
[PlyCount "99"]
[EventDate "2025.01.02"]
[EventType "team-tourn"]
[EventCountry "USA"]
[SourceTitle "playchess.com"]
[Source "ChessBase"]
[SourceQuality "1"]
[TimeControl "5400+30"]

1. Nf3 c5 2. b3 Nc6 3. Bb2 Nf6 4. c4 d5 5. cxd5 Nxd5 6. g3 f6 7. Nc3 Nc7 8. Bg2 e5 9. O-O Be6 (9... Bg4 $15) 10. e3 Qd7 11. d4 cxd4 ({Black should try} 11... exd4 $11 12. exd4 O-O-O) 12. exd4 $14 exd4 13. Ne2 d3 14. Ned4 {[%emt 0:00:41] Hoping for Nxe6.} O-O-O 15. Rc1 Bd5 16. Qxd3 Kb8 17. Rfd1 Bd6 (17... Nxd4 $1 $11 {remains equal.} 18. Nxd4 Bxg2 19. Kxg2 Qd5+ 20. Kg1 Bc5) 18. Nxc6+ $16 Bxc6 {[%emt 0:00:27] [#]} 19. Rxc6 $1 Qxc6 {[%emt 0:06:19] [#]} 20. Ne5 $1 Qb5 21. Nf7 {[%emt 0:00:00][%csl LRd6,LRd8,LRh8] White has more active pieces.} Qxd3 22. Rxd3 Be7 23. Nxd8 (23. Rxd8+ Rxd8 24. Nxd8 Bxd8 $14) (23. Rxd8+ {simplifies} Rxd8 24. Nxd8 Bxd8 25. Be4) 23... Rxd8 24. Be4 {[%emt 0:00:00] This pair of bishops is nice.} Rxd3 25. Bxd3 {[%emt 0:00:00][%mdl 4096] Endgame KBB-KBN} g6 (25... h6 $142) 26. Bc4 Kc8 27. Bg8 h6 28. Bh7 g5 29. Bf5+ Kd8 30. Kg2 Ke8 31. Be4 b6 32. Kf3 Kf7 33. Kg4 Nb5 34. Bd3 Nd6 35. f4 Ke6 $2 (35... gxf4 $16 36. gxf4 (36. Kxf4 h5 $14) 36... Ne8) 36. Kh5 $18 gxf4 37. gxf4 Nf5 38. Bc4+ ({Weaker is} 38. Kg6 Nh4+ 39. Kh5 (39. Kxh6 Bb4 $16) 39... Nf5 40. Bc4+ Kd7 $18) 38... Kd7 39. Kg6 Nh4+ 40. Kxh6 Nf3 41. h3 f5 42. Kg7 Bd6 43. Kf6 Bxf4 44. Kxf5 Bd6 45. Bb5+ Kc7 46. Be2 Nh4+ 47. Kg4 Be7 48. Bd3 Kc6 49. Be4+ Kb5 50. Bc3 1-0

[Event "Pan-American Collegiate-ch 2025"]
[Site "Charlotte"]
[Date "2025.01.04"]
[Round "4.25"]
[White "De Silva, L M S T"]
[Black "Lin, Dachey"]
[Result "1/2-1/2"]
[Annotator "TA"]
[ECO "D07"]
[WhiteElo "2370"]
[BlackElo "2303"]
[PlyCount "44"]
[EventDate "2025.01.02"]
[EventType "team-tourn"]
[EventCountry "USA"]
[SourceTitle "playchess.com"]
[Source "ChessBase"]
[SourceQuality "1"]
[TimeControl "5400+30"]

1. Nf3 d5 2. e3 Nc6 3. d4 Nf6 4. c4 e6 5. Nbd2 g6 6. b3 Bg7 7. Ba3 Ne7 8. g3 O-O 9. Bg2 Re8 10. O-O b6 11. Rc1 Bb7 12. Qc2 Rc8 13. cxd5 exd5 14. Ne5 Nd7 {[%emt 0:18:51] [#]} (14... c6 $11) 15. Nd3 {[%emt 0:00:00] White is much more active.} (15. Bxe7 $1 $16 Rxe7 16. Nc6 Bxc6 17. Qxc6) 15... Nf5 $11 16. Nf4 c5 17. dxc5 Nxc5 18. Bxc5 {[%emt 0:00:00][%cal Ob3b4] and b4! should not be overlooked} Rxc5 (18... Ba6 $11) 19. Qd3 $14 Ra5 20. Qc2 Rc5 21. Qd3 Ra5 $1 22. Qc2 (22. Rfd1 $14) 22... Rc5 1/2-1/2